 Dungeon Crawl Stone Soup version 0.31-a0-876-gfe8ebadbca (webtiles) character file.

Game seed: 8694346523126522449

259 LeprechaunX the Changeling (level 6, -2/41 HPs)
             Began as an Octopode Shapeshifter on Oct 14, 2023.
             Succumbed to Robin's poison
             ... on level 3 of the Dungeon.
             The game lasted 00:02:36 (2031 turns).

LeprechaunX the Changeling (Octopode Shapeshifter)  Turns: 2031, Time: 00:02:37

Health: -2/41      AC:  1    Str: 15    XL:     6   Next: 17%
Magic:  2/6        EV: 13    Int: 13    God:
Gold:   70         SH:  0    Dex: 11    Spells: 5/5 levels left

rFire   . .          .
                       - Unarmed
rCold   . . .        (no shield)
rNeg    . . .        (helmet currently unavailable)
rPois   .            f - amulet of guardian spirit
rElec   .            (no ring)
rCorr   .            (no ring)
SInv    .            (no ring)
Will    .....        (no ring)
Stlth   ++           (no ring)
HPRegen 0.26/turn    (no ring)
MPRegen 0.10/turn    (no ring)
                     (no ring)

%: guardian spirit
@: lethally poisoned (-2 -> -19), beast-form
A: beast (slay +2), almost no armour, amphibious, 8 rings, camouflage 1,
gelatinous body 1, (nimble swimmer 1), tentacles
a: Begin Untransformation


You were on level 3 of the Dungeon.
You were a hulking beast.
You visited 1 branch of the dungeon, and saw 3 of its levels.

You collected 70 gold pieces.

Inventory:

Hand Weapons
 a - a +0 sling
Jewellery
 f - an amulet of guardian spirit (around mantle)
Talismans
 b - a beast talisman (active)
 c - a flux talisman
Wands
 k - a wand of flame (8)
Scrolls
 d - a scroll of acquirement {unknown}
 e - 2 scrolls of torment {unknown}
 g - a scroll of blinking {unknown}
 l - 2 scrolls of immolation {unknown}
Potions
 h - a potion of degeneration {unknown}
 i - a potion of curing
 j - a potion of haste {unknown}


   Skills:
 + Level 2.5 Fighting
 + Level 3.1 Dodging
 + Level 3.8 Unarmed Combat
 + Level 1.7 Evocations
 * Level 4.4 Shapeshifting


You had 5 spell levels left.
You didn't know any spells.
Your spell library was empty.

Dungeon Overview and Level Annotations

Branches:
Dungeon (3/15)

Altars:

Annotations:
D:3 Robin


Innate Abilities, Weirdness & Mutations

You are a hulking beast.
Your limbs bulge with bestial killing power. (Slay +2)
You cannot wear most types of armour.
You are amphibious.
You can wear up to eight rings at the same time.
Your skin changes colour to match your surroundings (Stealth+).
Your rubbery body absorbs attacks. (AC +1, EV +1)
((You are camouflaged when in or above water. (Stealth+)))
You have tentacles for arms and can constrict up to eight enemies at once.


Message History

The goblin unwields a +0 sling.
The goblin wields a +0 dagger.
The goblin hits you with a +0 dagger.
You bludgeon the goblin!
You kill the goblin!
The goblin hits you with a +0 dagger. Robin closely misses you.
You tentacle-slap the goblin.
You kill the goblin!
The goblin barely misses you.
Robin hits you with a +3 spear of venom!
You are poisoned.
You feel very sick. The goblin misses you.
The hobgoblin attacks as it pursues you!
The hobgoblin barely misses you.
Robin hits you from afar with a +3 spear of venom!
* * * LOW HITPOINT WARNING * * *
You are more poisoned.
Items here: )))) †††.
It was a potion of curing.
You feel better. The goblin hits you with a +0 dagger.
Robin roars a battlecry!
The goblin goes into a battle-frenzy!
Unknown command.
The hobgoblin attacks as it pursues you!
The hobgoblin barely misses you.
You bludgeon the hobgoblin!
You kill the hobgoblin!
The goblin unwields a +0 dagger.
The goblin wields a +0 sling.
The goblin shoots a sling bullet.
The sling bullet closely misses you. Robin throws the goblin at you!
You barely miss the goblin. You grab the goblin. You constrict the goblin.
The goblin hits you with a +0 club.
* * * LOW HITPOINT WARNING * * *
The goblin shoots a sling bullet.
The sling bullet barely misses you.
Robin hits you from afar with a +3 spear of venom!
* * * LOW HITPOINT WARNING * * *
You are lethally poisoned!
You tentacle-slap the goblin.
You kill the goblin!
You die... ##### #..... ##).##.. . # ###h.# #.# #.##. ## #g).## #.###O...#### g.g ##g### #.#.......... ggg.

#).######.#.#......)# g.g).
#.........#.#.#####.#
.g...)#..#####..#.#.#####.#
#.......# #.†..#.#.....#
#+###.### #)##.#.#.###..
... #.####...#....


You could see Robin and a goblin (strong).

Vanquished Creatures
  An ogre (D:3)
  A phantom (D:3)
  Ijyb (D:3)
  2 adders
  2 dart slugs (D:1)
  3 ball pythons
  5 bats
  6 endoplasms
  A giant cockroach (D:2)
  10 goblins
  6 hobgoblins
  3 jackals (D:2)
  A frilled lizard (D:2)
  4 kobolds
  5 rats
51 creatures vanquished.

Notes
Turn   | Place    | Note
-------+----------+-------------------------------------------
     0 | D:1      | LeprechaunX the Octopode Shapeshifter began the quest for
                  | the Orb.
     0 | D:1      | Reached XP level 1. HP: 13/13 MP: 1/1
    87 | D:1      | Reached XP level 2. HP: 18/18 MP: 2/2
   555 | D:1      | Reached XP level 3. HP: 20/23 MP: 3/3
  1188 | D:2      | Found a faded altar of an unknown god.
  1633 | D:3      | Noticed Ijyb
  1650 | D:3      | Killed Ijyb
  1651 | D:3      | Reached XP level 4. HP: 25/29 MP: 2/4
  1683 | D:3      | Noticed an ogre
  1842 | D:3      | Noticed a phantom
  1858 | D:3      | Killed a phantom
  1859 | D:3      | Reached skill level 1 in Evocations
  1859 | D:3      | Reached skill level 4 in Shapeshifting
  1859 | D:3      | Reached XP level 5. HP: 14/34 MP: 1/5
  1985 | D:3      | Killed an ogre
  1986 | D:3      | Reached XP level 6. HP: 40/41 MP: 6/6
  2002 | D:3      | Noticed Robin
  2030 | D:3      | HP: 2/41 [Robin/+3 spear of venom (7)]
  2031 | D:3      | Succumbed to Robin's poison

Illustrated notes

Levels and vault maps discovered:
D:1:      dpeg_arrival_arbitrary_a, layout_basic, minmay_strange_pillars
D:2:      layout_basic, shapermc_ecumenical_altar_pompeii
D:3:      layout_basic, uniq_ijyb, uniq_robin, uniq_terence

Skill      XL: |  1  2  3  4  5 |
---------------+----------------+-----
Fighting       | 2 |  2.5
Evocations     | 1 |  1.7
Shapeshifting  | 4 |  4.4
Dodging        | 3 |  3.1
Unarmed Combat | |  3.8

Action                     |  1- 3 |  4- 6 || total
---------------------------+-------+-------++-------
  Melee: Unarmed           |    80 |    41 ||   121
         Constrict         |    16 |     3 ||    19
         Tentacles         |    12 |     6 ||    18
         Punch             |     2 |       ||     2
    Use: Potion            |     1 |     1 ||     2
   Stab: Sleeping          |     4 |     1 ||     5
 Armour: Skin              |    37 |    23 ||    60
  Dodge: Dodged            |    41 |    25 ||    66

Table legend: (Time is in decaauts)
 A = Elapsed time spent in this place.
 B = Non-inter-level travel time spent in this place.
 C = Inter-level travel time spent in this place.
 D = Time resting spent in this place.
 E = Time spent auto-exploring this place.
 F = Levels seen in this place.
 G = Mean time per level.
                   A        B        C        D        E       F      G
               +--------+--------+--------+--------+--------+-----+--------+
         Total |   2023 |   1926 |     97 |    100 |   1464 |   3 |  674.3 |
       Dungeon |   2023 |   1926 |     97 |    100 |   1464 |   3 |  674.3 |
               +--------+--------+--------+--------+--------+-----+--------+

Top non-repeatable levels by time:
     D:2: 901 daAuts
     D:1: 722 daAuts
     D:3: 399 daAuts
